AoeStats
← généralmeu

Black Forest

504278302Analyzed
4v4 RM · 28d ago on Sep 4, 2026· 39m 51s· 8 players
Game mode
Random Map
Map size
Large (8 player)
Population
200
Speed
Normal
Resources
Standard
Victory
Conquest
Starting age
Dark Age
Ending age
Imperial Age
RankedLock teamsTeams togetherTeam positionsShared explorationLock speedFull tech treeHidden civsTurbo modeCheats
Victory
Defeat
🇮🇱 Vietnamese · Israel
1085
+13
🇷🇺 Jurchens · Russia
1077
+13
🇨🇳 Teutons · China
1076
+13
🇫🇷 Franks · France
952
+60
🇨🇳 Chinese · China
1062
-17
🇬🇧 Bohemians · United Kingdom
1029
-15
🇦🇷 Khmer · Argentina
1017
-15
🇬🇧 Vikings · United Kingdom
959
-12
Lemon5295
11:04 Feudal Age
17:12 Castle Age
15:08 Man-at-Arms
20:13 Long Swordsman
21:50 Scale Mail Armor
22:00 Forging
22:04 Squires
23:26 Horse Collar
23:35 Double-Bit Axe
26:03 Loom
27:07 Pikeman
31:09 Iron Casting
30:51 Chain Mail Armor
DMarrett13
0:30 Loom
12:23 Feudal Age
久久
0:27 Loom
12:22 Feudal Age
16:19 Castle Age
14:05 Horse Collar
19:22 Wheelbarrow
26:33 Ballistics
32:09 Imperial Age
29:25 Town Watch
29:34 Fletching
29:45 Padded Archer Armor
30:02 Double-Bit Axe
31:47 Bodkin Arrow
32:07 Leather Archer Armor
31:53 Scale Mail Armor
32:11 Capped Ram
32:11 Heavy Scorpion
32:12 Heavy Rocket Cart
32:56 Bracer
33:20 Conscription
33:02 Gold Mining
33:03 Stone Mining
33:24 Siege Ram
34:55 Bow Saw
34:47 Heavy Plow
35:23 Gold Shaft Mining
35:24 Stone Shaft Mining
35:20 Ring Archer Armor
35:06 Chain Mail Armor
35:26 Chain Mail Armor
35:36 Squires
34:56 Pikeman
36:14 Fortified Wall
37:05 Chemistry
37:32 Rocketry
38:10 Elite Chu Ko Nu
38:51 Great Wall
38:21 Sappers
40:07 Two-Man Saw
[MLZ] Uzux99
9:12 Loom
11:55 Feudal Age
16:30 Castle Age
14:45 Double-Bit Axe
16:13 Horse Collar
23:21 Heavy Plow
25:31 Gold Mining
31:33 Imperial Age
31:44 Imperial Age
30:01 Light Cavalry
30:51 Bloodlines
31:53 Wheelbarrow
32:36 Forging
34:53 Scale Barding Armor
35:16 Stone Mining
35:05 Hussar
37:56 Conscription
généralmeu
12:39 Feudal Age
25:00 Scale Barding Armor
27:06 Castle Age
26:27 Forging
28:48 Husbandry
39:37 Imperial Age
39:41 Cavalier
Mike
9:35 Loom
11:38 Feudal Age
16:33 Castle Age
14:38 Horse Collar
14:47 Double-Bit Axe
14:51 Horse Collar
17:29 Bow Saw
18:51 Wheelbarrow
20:51 Heavy Plow
24:58 Scale Mail Armor
26:21 Hand Cart
26:36 Gold Mining
26:38 Stone Mining
28:44 Stone Shaft Mining
28:42 Chain Mail Armor
28:24 Fletching
29:17 Bodkin Arrow
29:24 Padded Archer Armor
31:52 Leather Archer Armor
32:00 Ballistics
34:13 Imperial Age
32:59 Chain Mail Armor
35:21 Bracer
35:54 Ring Archer Armor
36:26 Chemistry
35:05 Elite Rattan Archer
39:18 Pikeman
Harkonnen
1:05 Loom
11:10 Feudal Age
15:20 Castle Age
13:14 Double-Bit Axe
13:26 Horse Collar
18:39 Fervor
26:07 Wheelbarrow
26:22 Heavy Plow
26:54 Town Watch
28:05 Bow Saw
31:28 Imperial Age
29:34 Ballistics
29:07 Fletching
29:16 Gold Mining
29:16 Stone Mining
30:10 Hand Cart
31:26 Siege Engineers
31:02 Treadmill Crane
32:11 Bodkin Arrow
32:27 Forging
31:55 Heavy Rocket Cart
34:35 Gold Shaft Mining
34:35 Stone Shaft Mining
34:27 Bracer
34:28 Padded Archer Armor
34:33 Scale Barding Armor
35:04 Iron Casting
36:22 Fortified Bastions
36:33 Thunderclap Bombs
36:44 Conscription
37:00 Hoardings
37:23 Chain Barding Armor
36:27 Light Cavalry
37:18 Bloodlines
37:08 Husbandry
39:15 Blast Furnace
38:55 Leather Archer Armor
38:41 Scale Mail Armor
38:04 Hussar
40:49 Plate Barding Armor
546308830
0:49 Loom
11:50 Feudal Age
11:59 Man-at-Arms
12:41 Arson
16:55 Double-Bit Axe
18:24 Scale Mail Armor
18:37 Horse Collar
23:15 Castle Age
22:10 Stone Mining
23:22 Forging
23:27 Long Swordsman
24:27 Chain Mail Armor
24:59 Iron Casting
25:26 Bow Saw
25:19 Heavy Plow
26:17 Scale Barding Armor
29:13 Gold Mining
31:40 Chain Barding Armor
35:44 Imperial Age
33:54 Wheelbarrow
34:21 Fletching
35:50 Chain Mail Armor
36:09 Hand Cart
36:36 Elite Teutonic Knight
38:27 Plate Mail Armor
39:24 Blast Furnace
39:35 Squires
40:25 Conscription
Connection lost

Rejoining the realm…

Still unreachable

The connection could not be restored.

Session expired

The server has moved on; the page needs a fresh start.